 Dungeon Crawl Stone Soup version 0.25-a0-61-g63109bb16d (webtiles) character file.

Game seed: 12806918826694185379, levelgen mode: deterministic

59046 MrRokkomies the Unseen (level 14, -12/74 (75) HPs)
             Began as a Spriggan Assassin on Oct 29, 2019.
             Was the Champion of Okawaru.
             Hit by a large rock thrown by a stone giant (34 damage)
             ... on level 2 of the Orcish Mines.
             The game lasted 01:23:01 (24447 turns).

MrRokkomies the Unseen (Spriggan Assassin)         Turns: 24447, Time: 01:23:01

HP:   -12/74 (75)   AC: 19    Str:  6    XL:     14   Next: 51%
MP:   22/22         EV: 27    Int: 12    God:    Okawaru [******]
Gold: 2020          SH:  6    Dex: 23    Spells: 13/13 levels left

rFire    . . .     SeeInvis +   a - +1 short sword (venom)
rCold    . . .     Gourm    .   y - +0 buckler {rN+}
rNeg     + + .     Faith    +   A - +2 troll leather armour {Snorg}
rPois    +         Spirit   .   (helmet restricted)
rElec    .         Reflect  .   E - +2 ratskin cloak {+Rats rPois rN+ Str-1 Int-1 Dex+1}
rCorr    .         Harm     .   (gloves unavailable)
MR       ++...                  (boots unavailable)
Stlth    +++++++...             O - amulet of faith
HPRegen  0.62/turn              p - +5 ring of protection
MPRegen  0.18/turn              r - +5 ring of protection

@: lightly drained, very quick
A: very small, unfitting armour, see invisible, herbivore, speed 3, slow
metabolism 2
a: Heroism, Finesse, Renounce Religion, Evoke Ratskin


You were on level 2 of the Orcish Mines.
You worshipped Okawaru.
Okawaru was exalted by your worship.
You were not hungry.

You visited 4 branches of the dungeon, and saw 21 of its levels.
You also visited: Ice Cave.

You collected 2020 gold pieces.

Inventory:

Hand Weapons
 a - a +1 short sword of venom (weapon)
 L - the +6 short sword of the Common Good {holy, rElec MR+ Str-3 Int+5}
   (Okawaru gifted it to you in an ice cave)

   It has been blessed by the Shining One to cause great damage to the undead
   and demons.
   It affects your strength (-3).
   It affects your intelligence (+5).
   It insulates you from electricity.
   It affects your resistance to hostile enchantments.
 M - a +0 short sword of electrocution
Missiles
 d - 48 poisoned darts
 e - 8 curare-tipped darts
 q - 2 throwing nets
 J - 11 atropa-tipped darts
 N - 6 datura-tipped darts
 Z - 4 boomerangs (quivered)
Armour
 j - a scarf of resistance
 y - a +0 buckler of positive energy (worn)
 A - a +2 troll leather armour (worn) {Snorg}
 E - the +2 ratskin cloak (worn) {+Rats rPois rN+ Str-1 Int-1 Dex+1}
   (You found it on level 7 of the Dungeon)

   It affects your strength (-1).
   It affects your intelligence (-1).
   It affects your dexterity (+1).
   It protects you from poison.
   It protects you from negative energy.
Jewellery
 p - a +5 ring of protection (left hand)
 r - a +5 ring of protection (right hand)
 D - an uncursed ring of positive energy
 O - an amulet of faith (around neck)
 S - an uncursed ring of protection from fire
 V - an uncursed ring of resist corrosion
 X - a +5 ring of evasion
 Y - an uncursed ring of protection from cold
Wands
 l - a wand of paralysis (15)
 t - a wand of scattershot (5)
 C - a wand of iceblast (10)
 F - a wand of polymorph (2)
 G - a wand of enslavement (14)
 H - a wand of flame (19)
 U - a wand of disintegration (28)
Scrolls
 b - 6 scrolls of teleportation
 h - 3 scrolls of immolation
 k - 10 scrolls of remove curse
 w - a scroll of enchant armour
 B - 2 scrolls of vulnerability
 I - 2 scrolls of blinking
 P - 3 scrolls of amnesia
 Q - a scroll of identify
 W - 2 scrolls of fog
Potions
 c - 3 potions of heal wounds
 g - a potion of magic
 i - 4 potions of might
 m - 2 potions of lignification
 o - 5 potions of flight
 s - 3 potions of brilliance
 u - 3 potions of haste
 v - 2 potions of ambrosia
 x - 3 potions of curing
 z - a potion of berserk rage
 K - a potion of cancellation
 T - 2 potions of resistance
Miscellaneous
 n - a box of beasts
 R - a phial of floods
Comestibles
 f - 26 rations


   Skills:
 * Level 9.5(9.4) Fighting
 - Level 12.0(11.9) Short Blades
 * Level 11.4(11.3) Throwing
 - Level 11.7(11.6) Dodging
 + Level 17.6(17.5) Stealth
 - Level 8.0(7.9) Invocations
 - Level 10.0(9.9) Evocations


You had 13 spell levels left.
You didn't know any spells.
Your spell library contained the following spells:

 Spells                   Type           Power        Failure   Level  Hunger
 Summon Small Mammal      Summ           #...         65%         1    ##.....
 Call Imp                 Summ           #.......     78%         2    ###....
 Call Canine Familiar     Summ           #.......     95%         3    ####...
 Summon Guardian Golem    Hex/Summ       #.......     95%         3    ####...
 Cause Fear               Hex            #.........   100%        4    #####..
 Summon Ice Beast         Ice/Summ       #.......     100%        4    #####..
 Summon Lightning Spire   Summ/Air       #.......     100%        4    #####..
 Silence                  Hex/Air        #.........   100%        5    ######.
 Yara's Violent Unravell  Hex/Tmut       #.........   100%        5    ######.
 Deflect Missiles         Chrm/Air       #.........   100%        6    #######
 Discord                  Hex            #.........   100%        8    #######


Dungeon Overview and Level Annotations

Branches:
Dungeon (12/15)            Temple (1/1) D:7            Lair (6/6) D:10
 Shoals (0/4) Lair:3       Spider (0/4) Lair:3        Slime (0/5) Lair:6
    Orc (2/2) D:9           IceCv (visited)
    Elf: Orc:2

Altars:
Ashenzari
Cheibriados
Dithmenos
Elyvilon
Fedhas
Gozag
Hepliaklqana
Kikubaaqudgha
Makhleb
Nemelex Xobeh
Okawaru
Qazlal
Ru
Sif Muna
Trog
Uskayaw
Vehumet
Wu Jian
Xom
Yredelemnul
Zin
The Shining One
Jiyva

Shops:
D:11 %   Orc:1 =

Annotations:
D:10 Maurice
Lair:6 1 runed translucent door


Innate Abilities, Weirdness & Mutations

You are very small and have problems with some larger weapons.
You are too small for most types of armour.
You have supernaturally acute eyesight. (SInv)
You are a herbivore.
You cover ground extremely quickly.
You need to consume almost no food.


Message History

You see here a +0 giant club.
Items here: ) [ †† a +0 leather armour; a +0 hand axe; an orc corpse x2
There is a stone staircase leading down, spattered with blood here.
You climb downwards.
An orc knight comes into view. It is wielding a +0 battleaxe.
The orc barely misses you.
The stone giant throws a large rock.
The large rock hits you!!!
Ouch! That really hurt!
The orc completely misses you. You block the orc's attack.
The orc closely misses you.
The stone giant throws a large rock.
The large rock hits you!
There is a stone staircase leading up, spattered with blood here.
You see here a large rock.
You block the orc's attack. The orc barely misses you.
The orc hits you with a +1 mace of draining.
* * * LOW HITPOINT WARNING * * *
You partially resist.
You feel drained.
The stone giant throws a large rock.
The large rock hits you!!
You die...

........$.....o
........o.......
......$.........
................
.....o.....$....
................
.......$o.....$.
.......o@.......
.........o......
......C.........
...........$....
..$...........#.
......#.........
...o............
...............o
...............


You could see a stone giant, 2 orc knights, 2 orc priests, an orc wizard and 3
orcs.

Vanquished Creatures
  Snorg (Lair:3)
  2 ice dragons (IceCv)
  7 hydras
  3 catoblepae (Lair:6)
  6 death yaks
  4 two-headed ogres
  3 orc high priests
  An unseen horror (D:12)
  2 ugly things
  An orc sorcerer (D:9)
  A cyclops (Orc:1)
  2 manticores (Lair:6)
  16 elephants
  5 black mambas
  2 ice statues (IceCv)
  A gargoyle (D:10)
  8 spiny frogs
  4 komodo dragons
  A demonic crawler (Lair:3)
  6 rime drakes
  A queen bee (Lair:1)
  2 polar bears
  4 trolls
  Grinder (D:4)
  9 blink frogs
  6 slime creatures (D:12)
  11 hippogriffs
  23 yaks
  2 basilisks
  6 wargs
  Menkaure (D:5)
  2 soldier ants (D:10)
  11 water moccasins
  Duvessa (D:6)
  5 porcupines
  15 orc warriors
  19 ice beasts
  2 sky beasts
  2 black bears
  2 necrophages
  9 ogres
  A phantom (D:10)
  17 centaurs
  13 crocodiles
  4 big kobolds
  Blork the orc (D:9)
  18 bullfrogs
  2 gnoll sergeants
  A wyvern zombie (D:10)
  3 water moccasin zombies
  Dowan (D:6)
  A wyvern skeleton (D:8)
  8 scorpions
  20 killer bees
  5 wights (D:8)
  6 electric eels
  2 howler monkeys
  2 centaur zombies
  7 crimson imps
  3 quasits (D:8)
  3 bullfrog zombies
  9 orc priests
  4 hounds
  7 jellies
  11 orc wizards
  Crazy Yiuf (D:5)
  2 centaur skeletons
  Ijyb (D:3)
  A hell rat (D:7)
  5 worker ants
  2 hound skeletons
  A hound zombie (D:5)
  A worker ant zombie (D:7)
  11 gnolls
  5 adders
  7 river rats
  6 shadow imps
  6 oozes
  4 adder zombies
  An adder skeleton (D:5)
  4 worms
  2 dart slugs (D:2)
  3 leopard geckos
  47 orcs
  5 giant cockroaches
  4 goblins
  6 hobgoblins
  11 jackals
  5 quokkas
  2 ball pythons
  9 bats
  5 frilled lizards
  19 kobolds
  19 rats
554 creatures vanquished.

Vanquished Creatures (collateral kills)
  2 death yaks (Lair:6)
  6 yaks (Lair:6)
  An orc warrior (Orc:1)
9 creatures vanquished.

Vanquished Creatures (others)
  A death yak (Lair:6)
  5 fungi
  10 plants
16 creatures vanquished.

Grand Total: 579 creatures vanquished

Notes
Turn   | Place    | Note
-------+----------+-------------------------------------------
     0 | D:1      | MrRokkomies the Spriggan Assassin began the quest for the
                  | Orb.
     0 | D:1      | Reached XP level 1. HP: 10/10 MP: 2/2
   762 | D:2      | Found a sacrificial altar of Ru.
   783 | D:2      | Reached skill level 6 in Stealth
   799 | D:2      | Reached XP level 2. HP: 14/14 MP: 3/3
  1131 | D:2      | Reached XP level 3. HP: 18/18 MP: 4/4
  1470 | D:2      | You fall into a shaft and drop 1 floor!
  2128 | D:3      | Reached XP level 4. HP: 15/22 MP: 5/5
  2390 | D:3      | Noticed Ijyb
  2403 | D:3      | Killed Ijyb
  2730 | D:3      | Reached skill level 10 in Stealth
  2730 | D:3      | Reached XP level 5. HP: 25/25 MP: 6/6
  2745 | D:4      | Noticed a necrophage
  2747 | D:4      | Killed a necrophage
  2747 | D:4      | Reached XP level 6. HP: 30/30 MP: 7/7
  3066 | D:4      | Noticed Grinder
  3069 | D:4      | Killed Grinder
  3069 | D:4      | Reached XP level 7. HP: 33/33 MP: 8/8
  3497 | D:5      | Entered Level 5 of the Dungeon
  3928 | D:5      | Found a runed translucent door.
  3929 | D:5      | Noticed Crazy Yiuf
  4120 | D:5      | Noticed a +0 dagger
  4120 | D:5      | Noticed a +0 dagger
  4122 | D:5      | Found a hide-covered altar of Uskayaw.
  4427 | D:5      | Reached XP level 8. HP: 36/37 MP: 9/9
  4528 | D:5      | Noticed Menkaure
  4534 | D:5      | Killed Menkaure
  4534 | D:5      | Reached skill level 11 in Stealth
  5379 | D:5      | Found an ornate altar of the Wu Jian Council.
  5468 | D:5      | Killed Crazy Yiuf
  5680 | D:6      | Reached skill level 10 in Short Blades
  5823 | D:6      | Noticed Dowan
  5824 | D:6      | Noticed Duvessa
  5827 | D:6      | Killed Duvessa
  5836 | D:6      | Killed Dowan
  6095 | D:6      | Reached XP level 9. HP: 37/41 MP: 10/10
  6538 | D:7      | Found a glowing golden altar of the Shining One.
  6770 | D:7      | Reached skill level 5 in Dodging
  6969 | D:7      | Found a staircase to the Ecumenical Temple.
  6978 | Temple   | Entered the Ecumenical Temple
  7052 | Temple   | Became a worshipper of Warmaster Okawaru
  7159 | D:7      | Found the +2 ratskin cloak {+Rats rPois rN+ Str-1 Int-1
                  | Dex+1}
  7746 | D:8      | Reached * piety under Okawaru
  7746 | D:8      | Reached skill level 10 in Throwing
  7882 | D:8      | Reached skill level 12 in Stealth
  7933 | D:8      | Found a bloodstained altar of Trog.
  8103 | D:8      | Reached skill level 1 in Evocations
  8324 | D:8      | Reached XP level 10. HP: 46/46 MP: 10/12
  8456 | D:8      | Found a blossoming altar of Fedhas.
  8607 | D:8      | Reached ** piety under Okawaru
  9115 | D:9      | Found an ancient bone altar of Kikubaaqudgha.
  9203 | D:9      | Noticed Blork the orc
  9315 | D:9      | Killed Blork the orc
  9324 | D:9      | Found a shimmering blue altar of Sif Muna.
  9856 | D:9      | Noticed a two-headed ogre
  9860 | D:9      | Killed a two-headed ogre
  9860 | D:9      | Reached *** piety under Okawaru
  9860 | D:9      | Reached skill level 5 in Evocations
  9871 | D:9      | Noticed a two-headed ogre
  9957 | D:9      | Killed a two-headed ogre
  9970 | D:9      | Received a gift from Okawaru
 10018 | D:9      | Reached skill level 13 in Stealth
 10539 | D:9      | Found a staircase to the Orcish Mines.
 10676 | D:10     | Entered Level 10 of the Dungeon
 10717 | D:10     | Reached XP level 11. HP: 49/49 MP: 17/17
 10819 | D:10     | Found a staircase to the Lair.
 10819 | D:10     | Noticed a death yak
 10878 | D:10     | Reached skill level 10 in Dodging
 10948 | D:10     | Noticed a five-headed hydra
 10953 | D:10     | Noticed Maurice
 10983 | D:10     | Killed a five-headed hydra
 10983 | D:10     | Received a gift from Okawaru
 10983 | D:10     | Reached **** piety under Okawaru
 11634 | Lair:1   | Entered Level 1 of the Lair of Beasts
 11881 | Lair:1   | Noticed a seven-headed hydra
 11891 | Lair:1   | Killed a seven-headed hydra
 11891 | Lair:1   | Reached ***** piety under Okawaru
 11982 | Lair:1   | Received a gift from Okawaru
 12595 | Lair:1   | Reached skill level 14 in Stealth
 13065 | Lair:2   | HP: 2/49 [spiny frog (14)]
 13074 | Lair:2   | Received a gift from Okawaru
 13118 | Lair:2   | Reached skill level 10 in Evocations
 13387 | Lair:2   | Noticed a four-headed hydra
 13521 | Lair:2   | Reached XP level 12. HP: 33/56 MP: 20/20
 13578 | Lair:2   | Killed a four-headed hydra
 14702 | Lair:3   | Found a staircase to the Shoals.
 14841 | Lair:3   | Reached skill level 15 in Stealth
 14878 | Lair:3   | Found a frozen archway.
 14922 | IceCv    | Entered an ice cave
 15014 | IceCv    | Reached skill level 1 in Invocations
 15074 | IceCv    | Received a gift from Okawaru
 15075 | IceCv    | Got a warped short sword {god gift}
 15076 | IceCv    | Identified the +6 short sword of the Common Good {holy,
                  | rElec MR+ Str-3 Int+5} (Okawaru gifted it to you in an ice
                  | cave)
 15293 | IceCv    | Reached skill level 5 in Fighting
 15399 | IceCv    | Reached ****** piety under Okawaru
 15805 | IceCv    | Noticed an ice dragon
 15807 | IceCv    | Noticed an ice dragon
 15810 | IceCv    | Killed an ice dragon
 15813 | IceCv    | Killed an ice dragon
 15820 | IceCv    | Got a heavily runed pewter amulet
 15832 | IceCv    | Got a scintillating tin ring
 15927 | IceCv    | Identified the ring of the Prince of Darkness {rC- Str+6
                  | Int-5 Dex+4 Stlth+} (You found it in an ice cave)
 15928 | IceCv    | Identified the amulet "Pacuq" {RegenMP rC- Str+3 Dex+3}
                  | (You found it in an ice cave)
 16231 | Lair:3   | Noticed a six-headed hydra
 16242 | Lair:3   | Killed a six-headed hydra
 16242 | Lair:3   | Received a gift from Okawaru
 16243 | Lair:3   | Got a warped long sword {god gift}
 16244 | Lair:3   | Identified the +8 long sword "Qirghasuy" {vamp, rElec rPois
                  | rC-} (Okawaru gifted it to you on level 3 of the Lair of
                  | Beasts)
 16282 | Lair:3   | Noticed Snorg
 16289 | Lair:3   | Killed Snorg
 16354 | Lair:3   | Noticed a seven-headed hydra
 16363 | Lair:3   | Killed a seven-headed hydra
 16363 | Lair:3   | Reached XP level 13. HP: 59/65 MP: 21/21
 16421 | Lair:3   | Found a hole to the Spider Nest.
 16423 | Lair:3   | Got a translucent leather armour
 16969 | Lair:3   | Received a gift from Okawaru
 16969 | Lair:3   | Reached skill level 5 in Invocations
 17772 | Lair:5   | Reached skill level 16 in Stealth
 17915 | Lair:5   | Got crude fire dragon scales
 17918 | Lair:5   | Identified the +1 fire dragon scales of the Saviour {rF++
                  | rC- rCorr Str-5 Int+2 Stlth+} (You found it on level 5 of
                  | the Lair of Beasts)
 18831 | Lair:6   | Entered Level 6 of the Lair of Beasts
 19282 | Lair:6   | Received a gift from Okawaru
 19317 | Lair:6   | Received a gift from Okawaru
 20563 | Lair:6   | Reached XP level 14. HP: 74/74 MP: 22/22
 20688 | Lair:6   | Found a runed translucent door.
 20688 | Lair:6   | Found a viscous altar of Jiyva.
 20688 | Lair:6   | Found a staircase to the Slime Pits.
 20751 | Lair:6   | Reached skill level 17 in Stealth
 21333 | D:11     | Found Ejucozal's Food Shop.
 21407 | D:11     | Found a stormy altar of Qazlal.
 22272 | D:12     | Received a gift from Okawaru
 23245 | Orc:1    | Entered Level 1 of the Orcish Mines
 23773 | Orc:1    | Found Liq Wur's Jewellery Shop.
 24194 | Orc:2    | Entered Level 2 of the Orcish Mines
 24199 | Orc:2    | Noticed a stone giant
 24447 | Orc:2    | Hit by a large rock thrown by a stone giant

Levels and vault maps discovered:
D:1:      ebering_hopf_link, layout_basic
D:2:      layout_basic, hangedman_ru_absence
D:3:      layout_loops_corners, uniq_ijyb
D:4:      layout_basic, first_ration, minmay_misc_feat_x, uniq_grinder
D:5:      layout_loops_ring, dancing_weapons_uskayaw,
          lemuel_coloured_pillars_altar, minmay_misc_feat_hallway,
          uniq_crazy_yiuf_cottage, uniq_menkaure
D:6:      layout_rooms, uniq_duvessa
D:7:      wander_guarded_unrand_ratskin, layout_basic, lemuel_crystal_altar,
          minmay_temple_entry_antechambers
D:8:      layout_cave_pools, bloody_trog, kennysheep_little_box
D:9:      layout_long_grid, lemuel_crystal_altar, tgw_sif, erik_orc_2
D:10:     layout_cave_pools, david_lair_generic, hangedman_little_slice_of_home,
          uniq_maurice
D:11:     layout_basic, serial_shops, shop, grunt_qazlal_sundering
D:12:     layout_roguey, minivault_5
Temple:   jpeg_temple_clearing
Lair:1:   layout_long_grid, special_room [special_room_bee], grunt_megastairs_1
Lair:2:   layout_loops_ring, grunt_megastairs_5
Lair:3:   layout_cave_pods, shoals_dummy_entry,
          nicolae_spider_entry_non_spiders, portal_ice_cave_rime, uniq_snorg
Lair:4:   layout_loops_ring, pond
Lair:5:   layout_hall_layers, infiniplex_staircase_pool, serial_bayou_shore_a,
          grunt_megastairs_4, lemuel_fruit_fields
Lair:6:   evilmike_catoblepas_cave, layout_regular_city, slime_altar_2
Orc:1:    minmay_goldmine, layout_caves, serial_shops, shop, mines2_lemuel
Orc:2:    st_orc_rangers, layout_caves

Skill      XL: |  1  2  3  4  5  6  7  8  9 10 11 12 13 14 |
---------------+-------------------------------------------+-----
Stealth        | 6 10 11 12 13 14 15 16 17 | 17.6
Short Blades   | 3 8 9 10 11 12 | 12.0
Throwing       | 3 7 8 9 10 11 | 11.4
Dodging        | 3 6 9 11 | 11.7
Evocations     | 1 6 10 | 10.0
Fighting       | 2 6 8 9 |  9.5
Invocations    | 4 8 |  8.0

Action                   |  1- 3 |  4- 6 |  7- 9 | 10-12 | 13-15 || total
-------------------------+-------+-------+-------+-------+-------++-------
Melee: Dagger            |   106 |    64 |   716 |   523 |       ||  1409
       Falchion          |       |       |    25 |    14 |       ||    39
       Short sword       |       |       |       |   959 |  1742 ||  2701
       Punch             |       |       |       |       |     1 ||     1
Throw: Dart              |    14 |       |    37 |    39 |    30 ||   120
       Boomerang         |     1 |     4 |    39 |   154 |   108 ||   306
       Throwing net      |       |       |     1 |       |       ||     1
Invok: Heroism           |       |       |       |       |     2 ||     2
 Abil: Evoke Ratskin     |       |       |       |     4 |     1 ||     5
Evoke: Wand              |       |       |     2 |     1 |     1 ||     4
       Phial of floods   |       |       |       |       |     1 ||     1
  Use: Scroll            |     9 |     2 |     3 |    11 |     8 ||    33
       Potion            |       |     2 |       |     2 |       ||     4
 Stab: Sleeping          |    19 |     2 |    23 |    37 |    36 ||   117
       Distracted        |     1 |       |     4 |     4 |       ||     9
       Held in net/web   |       |       |     1 |       |       ||     1
       Invisible         |       |       |       |     7 |    18 ||    25
       Paralysed         |       |       |       |     1 |       ||     1
  Eat: Ration            |       |       |     3 |     6 |     6 ||    15
Armor: Robe              |    19 |    11 |   107 |   142 |       ||   279
       Troll leather arm |       |       |       |       |   198 ||   198
Dodge: Dodged            |    80 |    65 |   400 |  1019 |  1288 ||  2852
Block: Buckler           |       |       |       |       |   138 ||   138
       Rpst.: Falchion   |       |       |     9 |     6 |       ||    15

Table legend:
 A = Non-vault XP
 B = Vault XP
 C = Vault XP percentage of total XP
 D = Non-vault monster count
 E = Vault monster count
 F = Vault count percentage of total count
                 A         B        C        D         E       F
            +---------+---------+-------+---------+---------+-------
      Total |   60961 |   23238 |  27.6 |     423 |     140 |  24.9
            +---------+---------+-------+---------+---------+-------
        D:1 |       4 |       0 |   0.0 |       3 |       0 |   0.0
        D:2 |      66 |       0 |   0.0 |      29 |       0 |   0.0
        D:3 |      54 |      36 |  40.0 |      15 |       1 |   6.2
        D:4 |     151 |     272 |  64.3 |       8 |       1 |  11.1
        D:5 |    1172 |     213 |  15.4 |      43 |       2 |   4.4
        D:6 |     662 |     220 |  24.9 |      12 |       2 |  14.3
        D:7 |    1260 |     128 |   9.2 |      25 |      21 |  45.7
        D:8 |    1961 |       0 |   0.0 |      28 |       0 |   0.0
        D:9 |    7481 |     875 |  10.5 |      46 |      22 |  32.4
       D:10 |    2337 |    1868 |  44.4 |      20 |      12 |  37.5
       D:11 |    2264 |       0 |   0.0 |      15 |       0 |   0.0
       D:12 |    6727 |       0 |   0.0 |      37 |       0 |   0.0
     Lair:1 |    3264 |    1625 |  33.2 |      10 |      18 |  64.3
     Lair:2 |    6629 |     719 |   9.8 |      25 |       2 |   7.4
     Lair:3 |    5270 |    2622 |  33.2 |      13 |      13 |  50.0
     Lair:4 |    4478 |     555 |  11.0 |      15 |       4 |  21.1
     Lair:5 |    5474 |       0 |   0.0 |      21 |       0 |   0.0
     Lair:6 |    7845 |    8819 |  52.9 |      22 |      22 |  50.0
      Orc:1 |    3862 |       0 |   0.0 |      36 |       0 |   0.0
      IceCv |       0 |    5286 | 100.0 |       0 |      20 | 100.0
            +---------+---------+-------+---------+---------+-------
